 Dungeon Crawl Stone Soup version 0.15-a0-1880-g53e602b (webtiles) character file.

508 Herrn the Covered (level 7, -2/44 HPs)
             Began as a Gargoyle Fighter on July 4, 2014.
             Was an Initiate of Cheibriados.
             Slain by a phantom (5 damage)
             ... on Level 4 of the Dungeon on July 5, 2014.
             The game lasted 00:09:53 (3105 turns).

Herrn the Covered (Gargoyle Fighter)                Turns: 3105, Time: 00:09:53

HP  -2/44        AC 11     Str 23      XL: 7   Next: 18%
MP   7/7         EV  5     Int 10      God: Cheibriados [......]
Gold 253         SH 10     Dex 10      Spells:  0 memorised,  6 levels left

rFire  + + .     SeeInvis .     a - +0 war axe (curse)
rCold  . . .     Clarity  .     t - +1 chain mail {MR+}
rNeg   + . .     rCorr    .     c - +0 shield
rPois  +         rRot     +     (no helmet)
rElec  +         Spirit   .     (no cloak)
SustAb .         Warding  .     (no gloves)
rMut   .         Stasis   .     (no boots)
Gourm  .                        (no amulet)
MR     +....                    (no ring)
                                m - ring of fire

@: mighty, resistant, very slightly contaminated, invisible, very slow, somewhat
resistant to hostile enchantments, extremely unstealthy
A: clumsy 1, deformed body, negative energy resistance 1, electricity
resistance, weak 1, unbreathing, petrification resistance, rot immunity, AC +4
a: Bend Time, Renounce Religion


You were on level 4 of the Dungeon.
You worshipped Cheibriados.
Cheibriados was noncommittal.
You were very hungry.

You visited 2 branches of the dungeon, and saw 5 of its levels.

You collected 253 gold pieces.

Inventory:

Hand weapons
 a - a cursed +0 war axe (weapon)
 B - a +0 war axe
Armour
 c - a +0 shield (worn)
 t - a +1 chain mail of magic resistance (worn)
Comestibles
 d - 2 bread rations
 i - 2 meat rations
 k - a beef jerky
 n - a royal jelly
 v - 5 fruits
Scrolls
 f - 3 scrolls of identify {unknown}
 g - 6 scrolls of teleportation {unknown}
 h - 3 scrolls of enchant weapon {unknown}
 j - a scroll of magic mapping {unknown}
 l - 2 scrolls of remove curse {unknown}
 o - 2 scrolls of blinking {unknown}
 q - a scroll of fog {unknown}
 s - a scroll of immolation {unknown}
 u - a scroll of acquirement {unknown}
 y - a scroll of noise {unknown}
 A - a scroll of enchant armour {unknown}
Jewellery
 m - a ring of fire (left hand)
Potions
 b - a potion of porridge
 e - a potion of might


   Skills:
 + Level 4.8 Fighting
 + Level 3.4 Axes
 + Level 4.9 Armour
 + Level 2.4 Dodging
 + Level 4.8 Shields


You had 6 spell levels left.
You didn't know any spells.

Dungeon Overview and Level Annotations

Branches:
Dungeon (4/15)             Temple (1/1) D:4

Altars:
Ashenzari
Cheibriados
Dithmenos
Elyvilon
Fedhas
Gozag
Nemelex Xobeh
Okawaru
Qazlal
Sif Muna
Trog
Vehumet
Xom
Yredelemnul
The Shining One


Innate Abilities, Weirdness & Mutations

You are resistant to torment.
You are immune to poison.
Your stone body is very resilient (AC +4).
You resist negative energy.
You are resistant to electric shocks.
You can survive without breathing.
You are immune to petrification.
You are immune to rotting.
You are clumsy. (Dex -2)
Armour fits poorly on your strangely shaped body.
You are weak. (Str -2)


Message History

It was a potion of invisibility.
The phantom blinks!
You are very lightly contaminated with residual magic.
You suddenly lose the ability to move!
It was a potion of paralysis.
The phantom blinks!
You can move again.
You feel protected.
It was a potion of resistance.
The phantom blinks!
You feel refreshed.
It was a potion of restore abilities.
You feel very mighty all of a sudden. You block the phantom's attack.
You miss the phantom.
The phantom is heavily damaged.
The phantom hits you but does no damage.
You miss the phantom.
The phantom is heavily damaged.
You block the phantom's attack.
You barely miss the phantom.
The phantom is heavily damaged.
The phantom closely misses you. The phantom hits you.
You die...

##############
##.....##.....##
#....[.........##
#.........W@....<#
#................#
#................#
#................#
#................#
................#
..............##
.....#......##
#####.#.####


You could see a phantom.

Vanquished Creatures
  Menkaure (D:4)
  A scorpion (D:4)
  3 crimson imps (D:3)
  A hound (D:4)
  2 worker ants (D:4)
  An ogre skeleton (D:4)
  5 adders
  2 giant mites
  A worm (D:3)
  An orc skeleton (D:4)
  A giant gecko (D:2)
  2 oozes
  8 orcs
  A ball python (D:1)
  8 hobgoblins
  6 bats
  3 giant cockroaches
  4 giant newts
  9 goblins
  31 kobolds
  2 quokkas (D:2)
  10 rats
  4 plants (D:4)
107 creatures vanquished.

Notes
Turn   | Place    | Note
--------------------------------------------------------------
     0 | D:1      | Herrn, the Gargoyle Fighter, began the quest for the Orb.
     0 | D:1      | Reached XP level 1. HP: 14/14 MP: 1/1
     0 | D:1      | Upgraded the game from 0.15-a0-1866-g491fd59 to 0.15-a0-1880-g53e602b
   129 | D:1      | Reached XP level 2. HP: 13/19 MP: 2/2
   357 | D:1      | Reached XP level 3. HP: 23/23 MP: 3/3
  1329 | D:2      | Reached XP level 4. HP: 19/29 MP: 4/4
  1429 | D:3      | Reached skill level 4 in Fighting
  1580 | D:3      | Reached skill level 1 in Dodging
  1590 | D:3      | Found a shadowy altar of Dithmenos.
  1716 | D:3      | Found a bloodstained altar of Trog.
  1772 | D:3      | Found a shimmering altar of Xom.
  1828 | D:3      | Reached XP level 5. HP: 25/33 MP: 5/5
  2203 | D:4      | Reached XP level 6. HP: 36/38 MP: 6/6
  2220 | D:4      | Noticed Menkaure
  2232 | D:4      | Killed Menkaure
  2702 | D:4      | Reached XP level 7. HP: 37/44 MP: 7/7
  2714 | D:4      | Found a staircase to the Ecumenical Temple.
  2725 | Temple   | Entered the Ecumenical Temple
  2765 | Temple   | Became a worshipper of Cheibriados the Contemplative
  3033 | D:4      | Noticed a phantom
  3089 | D:4      | HP: 2/44 [phantom (2)]
  3090 | D:4      | Gained mutation: You are clumsy. (Dex -2) [potion of mutation]
  3090 | D:4      | Gained mutation: Armour fits poorly on your strangely shaped body. [potion of mutation]
  3090 | D:4      | Gained mutation: You are weak. (Str -2) [potion of mutation]
  3092 | D:4      | Paralysed by a potion of paralysis for 7 turns
  3105 | D:4      | Slain by a phantom

Action                   |  1- 3 |  4- 6 |  7- 9 || total
-------------------------+-------+-------+-------++-------
Melee: War axe           |   105 |   230 |    40 ||   375
  Use: Potion            |       |     1 |     6 ||     7
 Stab: Invisible         |       |     2 |       ||     2
